 Dungeon Crawl Stone Soup version 0.27.1 (webtiles) character file.

Game seed: 1117503652402887820

219 pkoi the Ruffian (level 5, -6/48 HPs)
             Began as a Troll Gladiator on Aug 30, 2021.
             Was an Initiate of Makhleb.
             Mangled by an orc warrior (16 damage)
             ... on level 4 of the Dungeon.
             The game lasted 00:04:11 (2232 turns).

pkoi the Ruffian (Troll Gladiator)                  Turns: 2232, Time: 00:04:12

Health: -6/48      AC:  4    Str: 23    XL:     5   Next: 63%
Magic:  4/4        EV: 10    Int:  4    God:    Makhleb [......]
Gold:   169        SH:  0    Dex: 11    Spells: 4/4 levels left

rFire    . . .     SeeInvis .     - Unarmed
rCold    . . .     Faith    .   (no shield)
rNeg     . . .     Spirit   .   a - +0 robe
rPois    .         Reflect  .   b - +0 hat
rElec    .         Harm     .   (no cloak)
rCorr    .         Rampage  .   (gloves unavailable)
Will     .....                  (boots unavailable)
Stlth    +.........             (no amulet)
HPRegen  1.16/turn              (no ring)
MPRegen  0.09/turn              (no ring)

@: no status effects
A: large, unfitting armour, claws 3, regeneration 1, shaggy fur 1, tough skin 1
a: Renounce Religion


You were on level 4 of the Dungeon.
You worshipped Makhleb.
Makhleb was noncommittal.
You visited 1 branch of the dungeon, and saw 4 of its levels.

You collected 169 gold pieces.

Inventory:

Missiles
 c - 3 throwing nets (quivered)
 k - 5 javelins
 n - 5 boomerangs
Armour
 a - a +0 robe (worn)
 b - a +0 hat (worn)
Potions
 d - a potion of haste
 e - a potion of mutation {unknown}
 f - a potion of curing {unknown}
 g - a potion of magic {unknown}
 l - a potion of might
 o - a potion of flight
 p - a potion of resistance


   Skills:
 - Level 1.5 Fighting
 - Level 1.7 Throwing
 - Level 2.4 Dodging
 * Level 6.3 Unarmed Combat
 + Level 0.7 Invocations


You had 4 spell levels left.
You didn't know any spells.
Your spell library contained the following spells:

 Spells                   Type           Power      Damage    Failure   Level
 Corona                   Hex            0%         N/A       50%         1
 Slow                     Hex            0%         N/A       65%         2
 Confusing Touch          Hex            0%         N/A       86%         3
 Gell's Gravitas          Tloc           0%         N/A       86%         3
 Lesser Beckoning         Tloc           0%         N/A       86%         3
 Teleport Other           Tloc           0%         N/A       86%         3
 Vampiric Draining        Necr           0%         2d6       86%         3


Dungeon Overview and Level Annotations

Branches:
Dungeon (4/15)
 Temple: D:4-7

Altars:
Makhleb

Portals:
Ossuary: D:4

Annotations:
D:2 1 runed translucent door, Crazy Yiuf


Innate Abilities, Weirdness & Mutations

You are too large for most types of armour.
You have claws for hands.
Your natural rate of healing is unusually fast.
You are covered in fur. (AC +1)
You have tough skin. (AC +1)


Message History

Found 8 gold pieces.
You hear the slow hiss of a distant avalanche of sand.
You hear the slow rusting of a very distant drain.
You now have 169 gold pieces (gained 8).
An orc comes into view. It is wielding a +2 war axe of flaming.
A hobgoblin comes into view.
The hobgoblin shouts!
You hear a shout!
An orc warrior comes into view.
It is wielding a +0 long sword of electrocution.
You hear a shout!
The orc warrior shouts!
You hear a shout!
An ogre comes into view. It is wielding a +0 giant club.
Found a sand-covered staircase.
You hear a shout!
You claw the orc!
You kill the orc!
Makhleb accepts your kill.
An orc comes into view. It is wielding a +0 trident.
An adder comes into view.
Things that are here:
a +2 war axe of flaming; a +0 leather armour The orc warrior barely misses you.
The hobgoblin hits you.
Things that are here:
a +2 war axe of flaming; a +0 leather armour You claw the hobgoblin!
You kill the hobgoblin!
Makhleb accepts your kill. The ogre hits you with a +0 giant club.
The orc barely misses you. The adder barely misses you.
The adder bites you but does no damage. x2
You scratch the ogre.
The ogre is lightly wounded.
The ogre hits you with a +0 giant club! The adder closely misses you.
You claw the ogre!
The ogre is heavily wounded.
The adder bites you but does no damage.
The ogre hits you with a +0 giant club!!
Ouch! That really hurt!
* * * LOW HITPOINT WARNING * * *
The orc warrior hits you with a +0 long sword of electrocution!
You die...

#.......## ##..
#.....# ##...
#..#..## #....
#..##..## ##....
#..###..####..##.
..#### #.##
##..##..###.
....# #.#
##....## ##
#..####.# ##..##
# #...oO@.# #..#
## ..∩...###oS.#
#..#####. .....
###..# #........
##.# ##.#
##..####... ..
#..###..## ###. #
#.....<# #.
...##..## ##. ..
##.## ##.. ...
#..# ##..#


You could see an orc warrior, an ogre, an adder and an orc.

Vanquished Creatures
  A bullfrog skeleton (D:2)
  10 gnolls
  2 adders (D:3)
  A worm (D:2)
  2 dart slugs (D:1)
  7 orcs
  4 bats
  2 endoplasms (D:3)
  3 giant cockroaches
  4 goblins
  6 hobgoblins
  3 jackals (D:2)
  4 kobolds
  2 quokkas
  9 ball pythons
  3 frilled lizards
  7 rats
70 creatures vanquished.

Vanquished Creatures (others)
  3 plants (D:2)
3 creatures vanquished.

Grand Total: 73 creatures vanquished

Notes
Turn   | Place    | Note
-------+----------+-------------------------------------------
     0 | D:1      | pkoi the Troll Gladiator began the quest for the Orb.
     0 | D:1      | Reached XP level 1. HP: 19/19 MP: 0/0
   136 | D:1      | Found Hulugaju's Weapon Boutique.
   174 | D:1      | Reached XP level 2. HP: 27/27 MP: 1/1
   402 | D:1      | Reached skill level 4 in Unarmed Combat
   510 | D:1      | Found a faded altar of an unknown god.
   522 | D:1      | Got Plato's Guide on Curses
   923 | D:2      | Reached XP level 3. HP: 33/33 MP: 2/2
  1059 | D:2      | Reached skill level 5 in Unarmed Combat
  1059 | D:2      | Reached XP level 4. HP: 41/41 MP: 3/3
  1094 | D:2      | Found a runed translucent door.
  1095 | D:2      | Noticed Crazy Yiuf
  1590 | D:3      | Found a burning altar of Makhleb.
  1634 | D:3      | Reached XP level 5. HP: 39/48 MP: 4/4
  1643 | D:3      | Reached skill level 6 in Unarmed Combat
  1654 | D:3      | Became a worshipper of Makhleb the Destroyer
  2222 | D:4      | Noticed an orc warrior
  2223 | D:4      | Found a sand-covered staircase.
  2223 | D:4      | Noticed an ogre
  2232 | D:4      | Mangled by an orc warrior

Illustrated notes

Levels and vault maps discovered:
D:1:      dpeg_arrival_rooms_with_view, layout_basic, serial_shops,
          nicolae_shop_statue_plus, shapermc_ecumenical_altar_rom_forum
D:2:      layout_basic, guppyfry_early_lair_pool, uniq_crazy_yiuf_cottage
D:3:      layout_rooms, mainiacjoe_overflow_cross_hatched
D:4:      layout_layer_cave, cheibrodos_sewer_entry_bend,
          nicolae_ossuary_entry_ruins

Skill      XL: |  1  2  3  4  5 |
---------------+----------------+-----
Unarmed Combat | 4 5 6 |  6.3
Fighting       | |  1.5
Throwing       | |  1.7
Dodging        | |  2.4
Invocations    | |  0.7

Action                   |  1- 3 |  4- 6 || total
-------------------------+-------+-------++-------
Melee: Unarmed           |    93 |   104 ||   197
       Punch             |     2 |     1 ||     3
  Use: Scroll            |       |    10 ||    10
Armor: Robe              |    35 |    36 ||    71
Dodge: Dodged            |    32 |    74 ||   106
